 Dungeon Crawl Stone Soup version 0.28.0-53-g5a82cb258f (webtiles) character file.

Game seed: 8762707219953309962

160662 Renzlar the Severer (level 18, 0/163 (169) HPs)
             Began as a Formicid Fighter on July 31, 2022.
             Was the Champion of Okawaru.
             Slain by a pharaoh ant (3 damage)
             ... on level 1 of the Spider Nest on Aug 4, 2022.
             The game lasted 02:41:34 (34849 turns).

Renzlar the Severer (Formicid Fighter)             Turns: 34849, Time: 02:41:34

HP:   0/163 (169)   AC: 21    Str: 29    XL:     18   Next: 40%
MP:   21/21         EV:  8    Int:  9    God:    Okawaru [******]
Gold: 2363          SH: 15    Dex: 13    Spells: 21/21 levels left

rFire   + + .      SeeInvis +   f - +5 battleaxe of Mioheb {freeze, rElec Int+2}
rCold   . . .      Faith    .   w - +0 kite shield
rNeg    + . .      Spirit   .   P - +4 chain mail of Zokuo {Will+ Str+3 Stlth+}
rPois   +          Reflect  +   (helmet unavailable)
rElec   +          Harm     .   o - +0 cloak
rCorr   +          Rampage  .   x - +0 pair of gloves
Will    ++...                   I - +1 pair of boots of Restlessness {rPois Regen+ Stlth+}
Stlth   +++.......              B - amulet of reflection
HPRegen 1.17/turn               j - ring of Moderation {rPois rF++ rCorr Int-4 Dex+3}
MPRegen 0.17/turn               n - ring of positive energy

@: lightly drained
A: permanent stasis, dig shafts and tunnels, antennae 3, four strong arms,
robust 2
a: Dig, Shaft Self, Renounce Religion, Heroism, Finesse, Duel


You were on level 1 of the Spider Nest.
You worshipped Okawaru.
Okawaru was exalted by your worship.
You visited 5 branches of the dungeon, and saw 25 of its levels.
You also visited: Bailey and Gauntlet.

You collected 2547 gold pieces.
You spent 184 gold pieces at shops.

Inventory:

Hand Weapons
 a - the +5 war axe "Worm" {antimagic, Str+2 Int+4 Dex-4}
   (You found it on level 7 of the Dungeon)

   It reduces the magical energy of the wielder, and disrupts the spells and
   magical abilities of those it strikes.
   Natural abilities and divine invocations are not affected.
   Str:       It affects your strength (+2).
   Int:       It affects your intelligence (+4).
   Dex:       It affects your dexterity (-4).
 b - a +5 vampiric broad axe
 c - a +0 hunting sling
 f - the +5 battleaxe of Mioheb (weapon) {freeze, rElec Int+2}
   (You found it in a Gauntlet)

   It freezes those it strikes, dealing additional cold damage.
   It can also slow down cold-blooded creatures.
   Int:       It affects your intelligence (+2).
   rElec:     It insulates you from electricity.
 i - a +5 broad axe of flaming
 m - the +4 longbow of Suiruof {flame, rPois Int+4 Dex+2}
   (Okawaru gifted it to you on level 15 of the Dungeon)

   Any ammunition fired from it burns those it strikes, dealing additional fire
   damage.
   Int:       It affects your intelligence (+4).
   Dex:       It affects your dexterity (+2).
   rPois:     It protects you from poison.
 u - a +4 dagger
 L - a +2 trident of venom
 O - the +7 long sword "Ifopt" {pain, rF+ rC+ Str+4 Dex-4}
   (You found it on level 4 of the Lair of Beasts)

   In the hands of one skilled in necromantic magic, it inflicts extra damage on
   living creatures.
   Str:       It affects your strength (+4).
   Dex:       It affects your dexterity (-4).
   rF:        It protects you from fire.
   rC:        It protects you from cold.
Missiles
 g - 413 stones
 h - 272 sling bullets
 q - 37 poisoned darts
 C - 248 bolts
 E - 11 curare-tipped darts (quivered)
 Q - 138 arrows
Armour
 o - a +0 cloak (worn)
 w - a +0 kite shield (worn)
 x - a +0 pair of gloves (worn)
 I - the +1 pair of boots of Restlessness (worn) {rPois Regen+ Stlth+}
   (Okawaru gifted it to you on level 2 of the Orcish Mines)

   rPois:     It protects you from poison.
   Regen:     It increases your rate of health regeneration.
   Stlth:     It makes you more stealthy.
 M - a +1 troll leather armour {Snorg}
 P - the +4 chain mail of Zokuo (worn) {Will+ Str+3 Stlth+}
   (Okawaru gifted it to you on level 11 of the Dungeon)

   Str:       It affects your strength (+3).
   Will:      It increases your willpower.
   Stlth:     It makes you more stealthy.
Jewellery
 j - the ring of Moderation (left hand) {rPois rF++ rCorr Int-4 Dex+3}
   (You found it in a Gauntlet)

   [ring of resist corrosion]

   Int:       It affects your intelligence (-4).
   Dex:       It affects your dexterity (+3).
   rF:        It greatly protects you from fire.
   rPois:     It protects you from poison.
   rCorr:     It protects you from acid and corrosion.
 k - a ring of resist corrosion
 n - a ring of positive energy (right hand)
 B - an amulet of reflection (around neck)
 T - a ring of flight
Wands
 r - a wand of acid (7)
 s - a wand of digging (6)
 v - a wand of mindburst (39)
 K - a wand of polymorph (14)
 N - a wand of iceblast (8)
Scrolls
 p - 8 scrolls of fear
 t - 2 scrolls of amnesia
 y - 13 scrolls of identify
 D - 4 scrolls of enchant armour
 F - a scroll of silence
 G - 4 scrolls of magic mapping
 J - 3 scrolls of fog
 U - a scroll of enchant weapon
Potions
 d - 5 potions of might
 e - a potion of brilliance
 l - 5 potions of lignification
 z - 4 potions of invisibility
 A - 5 potions of mutation
 H - 2 potions of cancellation
 S - 2 potions of curing
Miscellaneous
 R - a condenser vane


   Skills:
 + Level 12.5 Fighting
 + Level 1.5(1.9) Short Blades
 + Level 1.5(1.9) Long Blades
 + Level 17.4(17.5) Axes
 + Level 2.4(11.7) Maces & Flails
 + Level 1.6(11.5) Polearms
 + Level 1.5(2.5) Staves
 - Level 14.4(14.5) Slings
 * Level 3.2 Bows
 + Level 1.5 Crossbows
 + Level 2.6(9.0) Throwing
 + Level 10.6 Armour
 * Level 9.1 Stealth
 + Level 8.3 Shields
 + Level 1.5 Unarmed Combat
 + Level 2.2 Spellcasting
 + Level 1.5 Conjurations
 + Level 2.1 Hexes
 + Level 1.6 Summonings
 + Level 1.6 Necromancy
 + Level 1.5 Translocations
 * Level 6.8 Transmutations
 + Level 1.5 Fire Magic
 + Level 1.6 Ice Magic
 * Level 4.3 Air Magic
 + Level 2.1 Earth Magic
 + Level 2.1 Poison Magic
 - Level 2.0 Invocations
 * Level 4.8 Evocations


You had 21 spell levels left.
You didn't know any spells.
Your spell library contained the following spells:

 Spells                   Type           Power      Damage    Failure   Level
 Beastly Appendage        Tmut           26%        N/A       16%         1
 Wereblood                Tmut           13%        N/A       22%         2
 Corpse Rot               Necr/Air       12%        N/A       73%         2
 Spider Form              Tmut/Pois      9%         N/A       77%         3
 Sublimation of Blood     Necr           4%         N/A       88%         2
 Mephitic Cloud           Conj/Pois/Air  5%         N/A       94%         3
 Ozocubu's Armour         Ice            4%         N/A       98%         3
 Blade Hands              Tmut           6%         N/A       99%         5
 Anguish                  Hex/Necr       2%         N/A       100%        4
 Fulminant Prism          Conj/Hex       2%         3d6       100%        4
 Iskenderun's Mystic Bla  Conj/Tloc      3%         2d3       100%        4
 Fireball                 Conj/Fire      1%         3d3       100%        5
 Irradiate                Conj/Tmut      4%         3d14      100%        5
 Lee's Rapid Deconstruct  Erth           2%         3d5*      100%        5
 Metabolic Englaciation   Hex/Ice        2%         N/A       100%        5
 Iron Shot                Conj/Erth      2%         9d2       100%        6
 Dragon Form              Tmut           6%         N/A       100%        7
 Enfeeble                 Hex            2%         N/A       100%        7
 Storm Form               Tmut/Air       5%         N/A       100%        7
 Call Imp                 Summ           Unusable   N/A       N/A         2
 Tukima's Dance           Hex            Unusable   N/A       N/A         3
 Animate Armour           Summ/Erth      Unusable   N/A       N/A         4
 Summon Lightning Spire   Summ/Air       Unusable   N/A       N/A         4
 Simulacrum               Ice/Necr       Unusable   N/A       N/A         6
 Summon Hydra             Summ           Unusable   N/A       N/A         7

Dungeon Overview and Level Annotations

Branches:
Dungeon (15/15)            Temple (1/1) D:6            Lair (6/6) D:9
 Shoals (0/4) Lair:4       Spider (1/4) Lair:3        Slime (0/5) Lair:6
    Orc (2/2) D:9             Elf (0/3) Orc:2        Vaults (0/5) D:13
 Depths (0/4) D:15         Bailey (visited)         Gauntlet (visited)

Altars:
Ashenzari
Cheibriados
Dithmenos
Elyvilon
Fedhas
Gozag
Hepliaklqana
Kikubaaqudgha
Makhleb
Nemelex Xobeh
Okawaru
Qazlal
Ru
Sif Muna
Trog
Uskayaw
Vehumet
Wu Jian
Xom
Yredelemnul
Zin
The Shining One
Jiyva

Shops:
D:1 ?   D:8 (   Orc:1 (   Orc:2 !([!

Annotations:
Lair:6 exclusion: orange crystal statue


Innate Abilities, Weirdness & Mutations

You cannot be hasted, slowed, berserked, paralysed or teleported.
You can dig through walls and to a lower floor.
You have a pair of large antennae on your head. (SInv)
Your four strong arms can wield two-handed weapons with a shield.
You are very robust. (+20% HP)


Message History

You shoot an arrow. The arrow barely misses the orb spider.
You hear a chilling moan.
The orb of destruction hits you!!!
* * * LOW HITPOINT WARNING * * *
The orb spider begins to weave its threads into a brightly glowing ball.
A pharaoh ant comes into view.
Fire: 140 arrows
Press: ? - help, Q - select action, (/) - cycle Shift-Dir - straight line, f/p - orb spider
Aim: an orb spider (heavily wounded, fully charged, 68% to hit)
You shoot an arrow. The arrow hits the orb spider.
The arrow burns the orb spider.
The orb spider is heavily wounded.
Fire: 139 arrows
Press: ? - help, Q - select action, (/) - cycle Shift-Dir - straight line, f/p - orb spider
Aim: an orb spider (heavily wounded, fully charged, 68% to hit)
You shoot an arrow. The arrow hits the pharaoh ant.
The arrow burns the pharaoh ant.
The pharaoh ant is lightly damaged.
The pharaoh ant bites you but does no damage.
You block the pharaoh ant's attack. The pharaoh ant bites you.
* * * LOW HITPOINT WARNING * * *
You partially resist.
You feel drained.
The +4 longbow of Suiruof {flame, rPois Int+4 Dex+2} stops flaming.
You feel clever.
The +5 battleaxe of Mioheb {freeze, rElec Int+2} glows with a cold blue light!
f - the +5 battleaxe of Mioheb (weapon)
{freeze, rElec Int+2} You slash the pharaoh ant!
You freeze the pharaoh ant.
The pharaoh ant is heavily damaged.
You block the pharaoh ant's attack. The pharaoh ant bites you!
* * * LOW HITPOINT WARNING * * *
You partially resist.
You feel drained.
* * * LOW HITPOINT WARNING * * *
Unknown command.
Unknown command.
You slash the pharaoh ant! You freeze the pharaoh ant.
The pharaoh ant is almost destroyed.
The pharaoh ant bites you!
* * * LOW HITPOINT WARNING * * *
You partially resist.
You feel drained.
You die...

##.#####
#......#
#..##.###
### ##.##
#...###
#>##...#
## #††.# {
##†(^#
#(@###
#.B.#
#...(#
..s..#
.(....#
..^....#
........#
.......>.#


You could see an orb spider (charged) and a pharaoh ant.

Vanquished Creatures
  Rupert (D:12)
  Gastronok (D:12)
  Frances (D:13)
  2 emperor scorpions (Spider:1)
  A broodmother (Spider:1)
  A minotaur (Gauntlet)
  A dire elephant (Lair:2)
  Snorg (D:11)
  6 hydras
  2 rakshasas (D:15)
  3 boulder beetles
  Erolcha (D:8)
  5 ogre magi
  A catoblepas (Lair:5)
  4 centaur warriors
  17 two-headed ogres
  6 death yaks (Lair:4)
  2 tengu warriors
  An orc high priest (Orc:1)
  A deep elf knight (D:15)
  Nergalle (D:9)
  Sonja (D:13)
  A steelbarb worm (Spider:1)
  A large abomination (Gauntlet)
  A glowing orange brain (D:15)
  An orb spider (Lair:3)
  Pikel (D:4)
  5 cyclopes
  The ghost of Barsook the Chopper, a novice DsMo of Qazlal (D:10)
  2 orc sorcerers (Orc:1)
  A deep elf pyromancer (D:15)
  3 orc knights
  3 manticores
  5 wolf spiders
  27 elephants
  5 ugly things
  5 centaur zombies
  Maurice (D:12)
  2 torpor snails (Spider:1)
  10 black mambas
  A guardian serpent (Lair:6)
  28 cane toads
  3 gargoyles (D:12)
  Psyche (D:9)
  4 kobold demonologists
  A demonic crawler (Spider:1)
  A freezing wraith (D:15)
  An unseen horror (D:12)
  4 yaktaurs (D:13)
  2 tengu conjurers
  3 efreet
  9 komodo dragons
  A troll (shapeshifter) (D:15)
  4 hornets
  5 trolls
  7 tarantellas (Spider:1)
  21 blink frogs
  A snapping turtle (Lair:4)
  17 slime creatures
  2 jumping spiders (Spider:1)
  6 culicivoras (Spider:1)
  A spriggan (Lair:2)
  5 centaur simulacra
  A shadow (D:12)
  61 yaks
  A wraith (D:10)
  12 wyverns
  Grum (D:11)
  2 fire elementals (Gauntlet)
  A basilisk (Lair:1)
  Eustachio (D:4)
  4 vampire mosquitoes (D:12)
  16 redbacks
  5 wargs
  23 water moccasins
  An acid dragon (D:11)
  A hell hound (Gauntlet)
  22 orc warriors
  2 ice beasts (D:6)
  3 small abominations (Gauntlet)
  A black bear (shapeshifter) (D:13)
  2 black bears
  A hornet zombie (D:9)
  A necrophage (D:4)
  29 ogres
  4 centaurs
  12 wolves
  4 lemures
  4 kobold brigands
  6 bullfrogs
  A scorpion (D:4)
  A wyvern zombie (D:8)
  2 gnoll sergeants
  A cane toad simulacrum (Gauntlet)
  4 killer bees (D:10)
  7 wights
  3 howler monkeys
  An electric eel (Lair:4)
  3 lava snakes (Lair:6)
  A bullfrog zombie (D:5)
  2 jellies (D:5)
  2 gnoll shamans
  4 hounds
  11 orc priests
  A centaur skeleton (D:4)
  An iguana (D:6)
  15 orc wizards
  A scorpion zombie (D:5)
  A killer bee zombie (D:7)
  A hound skeleton (D:4)
  A howler monkey zombie (D:6)
  23 gnolls
  6 adders
  A howler monkey skeleton (D:7)
  2 shadow imps (D:5)
  3 white imps
  2 ufetubi
  An adder skeleton (D:4)
  5 worms
  3 dart slugs
  82 orcs
  2 bat zombies (D:7)
  2 endoplasms (D:1)
  2 giant cockroaches (D:4)
  8 goblins
  7 hobgoblins
  4 jackals (D:2)
  18 kobolds
  2 quokkas (D:1)
  5 ball pythons
  4 bats
  2 frilled lizards
  8 rats
  A rat zombie (D:7)
  A bush (Lair:4)
  A butterfly (Lair:2)
743 creatures vanquished.

Vanquished Creatures (others)
  A gnoll (D:5)
  105 fungi
  108 plants
  3 withered plants (Gauntlet)
217 creatures vanquished.

Grand Total: 960 creatures vanquished

Notes
Turn   | Place    | Note
-------+----------+-------------------------------------------
     0 | D:1      | Renzlar the Formicid Fighter began the quest for the Orb.
     0 | D:1      | Reached XP level 1. HP: 18/18 MP: 1/1
    60 | D:1      | Found Vistyrro's Magic Scroll Emporium.
   316 | D:1      | Reached XP level 2. HP: 24/24 MP: 2/2
  1063 | D:2      | Reached XP level 3. HP: 29/29 MP: 3/3
  1082 | D:2      | Reached skill level 1 in Throwing
  1623 | D:2      | Reached skill level 3 in Axes
  1686 | D:2      | Reached XP level 4. HP: 34/35 MP: 4/4
  1731 | D:2      | Found a faded altar of an unknown god.
  2552 | D:3      | Reached skill level 1 in Slings
  2552 | D:3      | Reached XP level 5. HP: 41/41 MP: 5/5
  3095 | D:4      | Noticed a lemure
  3095 | D:4      | Noticed a necrophage
  3095 | D:4      | Noticed a lemure
  3095 | D:4      | Noticed a lemure
  3096 | D:4      | Noticed a lemure
  3118 | D:4      | Killed a lemure
  3157 | D:3      | Killed a lemure
  3387 | D:3      | Killed a lemure
  3563 | D:4      | Killed a necrophage
  3564 | D:4      | Reached XP level 6. HP: 22/48 MP: 6/6
  3883 | D:4      | Noticed Pikel
  3894 | D:4      | Killed Pikel
  3895 | D:4      | Reached skill level 5 in Axes
  3895 | D:4      | Reached XP level 7. HP: 45/54 MP: 7/7
  3972 | D:4      | Reached skill level 6 in Axes
  3972 | D:4      | Reached XP level 8. HP: 10/60 MP: 8/8
  4343 | D:4      | Noticed Eustachio
  4357 | D:4      | Killed Eustachio
  4457 | D:4      | Found a sacrificial altar of Ru.
  4458 | D:4      | Got the Almanac of Harmful Feathers
  4812 | D:4      | Found a white marble altar of Elyvilon.
  4813 | D:4      | Found a shimmering altar of Xom.
  4853 | D:5      | Entered Level 5 of the Dungeon
  4888 | D:5      | Reached skill level 5 in Armour
  5097 | D:5      | Reached skill level 7 in Axes
  5286 | D:5      | Reached skill level 5 in Slings
  5286 | D:5      | Reached XP level 9. HP: 10/67 MP: 9/9
  6240 | D:5      | Reached skill level 5 in Fighting
  6240 | D:5      | Reached skill level 1 in Stealth
  7185 | D:6      | Reached skill level 8 in Axes
  7565 | D:6      | Found a staircase to the Ecumenical Temple.
  7570 | Temple   | Entered the Ecumenical Temple
  7620 | Temple   | Became a worshipper of Warmaster Okawaru
  7982 | D:7      | Found an ancient bone altar of Kikubaaqudgha.
  8406 | D:7      | Found a blossoming altar of Fedhas.
  8406 | D:7      | Found a sparkling altar of Nemelex Xobeh.
  8409 | D:7      | Identified the +5 war axe "Worm" {antimagic, Str+2 Int+4
                  | Dex-4}
  8580 | D:7      | Reached XP level 10. HP: 54/76 MP: 3/10
  9665 | D:8      | Reached * piety under Okawaru
  9922 | D:8      | Found Xevoaps's Weapon Boutique.
 10246 | D:8      | Reached skill level 9 in Axes
 10577 | D:8      | Found a snail-covered altar of Cheibriados.
 10983 | D:9      | Found a flagged portal.
 11025 | Bailey   | Entered a bailey
 11165 | Bailey   | Reached skill level 1 in Short Blades
 11165 | Bailey   | Reached skill level 1 in Long Blades
 11165 | Bailey   | Reached skill level 1 in Maces & Flails
 11165 | Bailey   | Reached skill level 1 in Polearms
 11165 | Bailey   | Reached skill level 1 in Staves
 11165 | Bailey   | Reached skill level 1 in Bows
 11165 | Bailey   | Reached skill level 1 in Crossbows
 11165 | Bailey   | Reached skill level 5 in Shields
 11165 | Bailey   | Reached skill level 1 in Unarmed Combat
 11165 | Bailey   | Reached skill level 1 in Spellcasting
 11165 | Bailey   | Reached skill level 1 in Conjurations
 11165 | Bailey   | Reached skill level 1 in Hexes
 11165 | Bailey   | Reached skill level 1 in Summonings
 11165 | Bailey   | Reached skill level 1 in Necromancy
 11165 | Bailey   | Reached skill level 1 in Translocations
 11165 | Bailey   | Reached skill level 1 in Transmutations
 11165 | Bailey   | Reached skill level 1 in Fire Magic
 11165 | Bailey   | Reached skill level 1 in Ice Magic
 11165 | Bailey   | Reached skill level 1 in Air Magic
 11165 | Bailey   | Reached skill level 1 in Earth Magic
 11165 | Bailey   | Reached skill level 1 in Poison Magic
 11165 | Bailey   | Reached skill level 1 in Invocations
 11165 | Bailey   | Reached skill level 1 in Evocations
 11165 | Bailey   | Reached XP level 11. HP: 83/83 MP: 10/13
 11243 | Bailey   | Reached ** piety under Okawaru
 11323 | Bailey   | Noticed an orc knight
 11336 | Bailey   | Killed an orc knight
 12077 | Bailey   | Noticed an orc knight
 12106 | Bailey   | Killed an orc knight
 12455 | D:9      | Noticed Psyche
 12468 | D:9      | Killed Psyche
 12468 | D:9      | Reached *** piety under Okawaru
 12567 | D:9      | Noticed Erolcha
 12584 | D:8      | Killed Erolcha
 12585 | D:8      | Reached skill level 10 in Axes
 12871 | D:9      | Found a staircase to the Orcish Mines.
 12917 | D:9      | Found a staircase to the Lair.
 13610 | D:10     | Entered Level 10 of the Dungeon
 13760 | D:10     | Reached **** piety under Okawaru
 13761 | D:10     | Reached XP level 12. HP: 89/89 MP: 4/14
 14219 | D:10     | Noticed Barsook's ghost (novice DsMo)
 14220 | D:10     | Found a runed translucent door.
 14446 | D:10     | Killed Barsook's ghost
 14447 | D:10     | Reached skill level 10 in Slings
 15072 | D:10     | Reached skill level 11 in Axes
 15523 | Lair:1   | Entered Level 1 of the Lair of Beasts
 15923 | Orc:1    | Entered Level 1 of the Orcish Mines
 16047 | Orc:1    | Noticed Nergalle
 16154 | D:9      | Killed Nergalle
 16243 | D:9      | Reached ***** piety under Okawaru
 16642 | Orc:1    | Found Jyckoteu's Weapon Shoppe.
 16871 | Orc:2    | Entered Level 2 of the Orcish Mines
 16946 | Orc:2    | Noticed an orc high priest
 17241 | Orc:1    | Received a gift from Okawaru
 17457 | Orc:1    | Killed an orc high priest
 17887 | Orc:2    | Found a staircase to the Elven Halls.
 17899 | Orc:2    | Noticed a two-headed ogre
 17900 | Orc:2    | Noticed a two-headed ogre
 17930 | Orc:1    | Killed a two-headed ogre
 17968 | Orc:1    | Reached skill level 12 in Axes
 17973 | Orc:1    | Killed a two-headed ogre
 17973 | Orc:1    | Received a gift from Okawaru
 18311 | Orc:2    | Noticed a two-headed ogre
 18327 | Orc:1    | Killed a two-headed ogre
 18328 | Orc:1    | Reached XP level 13. HP: 71/98 MP: 11/15
 18808 | Orc:2    | Noticed an ogre mage
 18829 | Orc:2    | Killed an ogre mage
 19032 | Orc:2    | Reached skill level 13 in Axes
 19037 | Orc:2    | Identified the +1 pair of boots of Restlessness {rPois
                  | Regen+ Stlth+} (Okawaru gifted it to you on level 2 of the
                  | Orcish Mines)
 19037 | Orc:2    | Received a gift from Okawaru
 19242 | Orc:2    | Noticed an ogre mage
 19271 | Orc:2    | Killed an ogre mage
 19363 | Orc:2    | Noticed an ogre mage
 19377 | Orc:2    | Killed an ogre mage
 19405 | Orc:2    | Noticed an ogre mage
 19423 | Orc:2    | Killed an ogre mage
 19544 | Orc:2    | Found Weeck's Distillery.
 19544 | Orc:2    | Found Zemn's Weapon Boutique.
 19545 | Orc:2    | Found Hymag's Armour Boutique.
 19545 | Orc:2    | Found Imunud's Distillery.
 19716 | Orc:2    | Bought a +1 broad axe of flaming for 184 gold pieces
 20880 | Lair:1   | Reached XP level 14. HP: 95/108 MP: 16/16
 21344 | Lair:2   | Reached skill level 14 in Axes
 21625 | Lair:2   | Found a gate leading to a gauntlet.
 21634 | Gauntlet | Entered a Gauntlet
 21634 | Gauntlet | Found a transporter.
 21647 | Gauntlet | Found a transporter.
 21649 | Gauntlet | Found a transporter.
 21651 | Gauntlet | Found a transporter.
 21665 | Gauntlet | Found a transporter.
 21683 | Gauntlet | Found a transporter.
 21691 | Gauntlet | Found a transporter.
 21709 | Gauntlet | Found a transporter.
 21719 | Gauntlet | Found the +0 mask of the Dragon {Will+ Slay+3 SInv}
 21729 | Gauntlet | Found a transporter.
 21741 | Gauntlet | Found a transporter.
 21753 | Gauntlet | Found a transporter.
 21761 | Gauntlet | Found a large runed translucent door.
 21762 | Gauntlet | Found a large runed translucent door.
 21763 | Gauntlet | Found a large runed translucent door.
 21763 | Gauntlet | Found a large runed translucent door.
 21764 | Gauntlet | Found a runed translucent gate.
 21765 | Gauntlet | Found a transporter.
 21765 | Gauntlet | Found a runed translucent gate.
 21766 | Gauntlet | Found a runed translucent gate.
 21767 | Gauntlet | Found a large runed translucent door.
 21767 | Gauntlet | Found a large runed translucent door.
 21768 | Gauntlet | Found a large runed translucent door.
 21769 | Gauntlet | Found a large runed translucent door.
 21777 | Gauntlet | Found a transporter.
 21795 | Gauntlet | Found a transporter.
 21811 | Gauntlet | Found a large runed translucent door.
 21812 | Gauntlet | Found a large runed translucent door.
 21813 | Gauntlet | Found a large runed translucent door.
 21813 | Gauntlet | Found a large runed translucent door.
 21814 | Gauntlet | Found a runed translucent door.
 21815 | Gauntlet | Found a transporter.
 21816 | Gauntlet | Found a runed translucent door.
 21817 | Gauntlet | Found a large runed translucent door.
 21817 | Gauntlet | Found a large runed translucent door.
 21817 | Gauntlet | Found a transporter.
 21818 | Gauntlet | Found a large runed translucent door.
 21819 | Gauntlet | Found a large runed translucent door.
 21851 | Gauntlet | Found a transporter.
 21880 | Gauntlet | Received a gift from Okawaru
 21959 | Gauntlet | Found a transporter.
 22063 | Gauntlet | Identified the -3 pair of boots "Wiebrim" {rN+ Int+2 Dex+4}
 22111 | Gauntlet | Identified the ring of Moderation {rPois rF++ rCorr Int-4
                  | Dex+3}
 22118 | Gauntlet | Identified the +5 battleaxe of Mioheb {freeze, rElec Int+2}
 22162 | Gauntlet | Noticed a minotaur
 22178 | Gauntlet | Killed a minotaur
 22191 | Gauntlet | Got the Incunabulum of Supportive Weightlessness
 22366 | Lair:2   | Received a gift from Okawaru
 22367 | Lair:2   | Reached skill level 10 in Fighting
 22465 | Lair:2   | Noticed a dire elephant
 22491 | Lair:2   | Killed a dire elephant
 22642 | Lair:2   | Received a gift from Okawaru
 22667 | Lair:2   | Reached ****** piety under Okawaru
 22869 | Lair:2   | Gained mutation: You are robust. (+10% HP) [potion of
                  | mutation]
 22869 | Lair:2   | Gained mutation: You are very robust. (+20% HP) [potion of
                  | mutation]
 23276 | Lair:3   | Reached skill level 15 in Axes
 23441 | Lair:3   | Received a gift from Okawaru
 23863 | Lair:3   | Received a gift from Okawaru
 23956 | Lair:3   | Found a hole to the Spider Nest.
 24455 | Lair:3   | Identified the +1 robe "Folul" {rPois} (Okawaru gifted it
                  | to you on level 3 of the Lair of Beasts)
 24455 | Lair:3   | Received a gift from Okawaru
 24782 | Lair:4   | Reached XP level 15. HP: 119/140 MP: 17/17
 24860 | Lair:4   | Identified the +7 long sword "Ifopt" {pain, rF+ rC+ Str+4
                  | Dex-4}
 24885 | Lair:4   | Found a staircase to the Shoals.
 25197 | Lair:4   | Reached skill level 5 in Stealth
 25439 | Lair:4   | Reached skill level 16 in Axes
 26998 | Lair:6   | Entered Level 6 of the Lair of Beasts
 27156 | Lair:6   | Reached skill level 10 in Armour
 27357 | Lair:6   | Identified the +9 quarterstaff of Grace {pain, rF+ Dex+3}
                  | (Okawaru gifted it to you on level 6 of the Lair of Beasts)
 27357 | Lair:6   | Received a gift from Okawaru
 28196 | Lair:6   | Found a staircase to the Slime Pits.
 28197 | Lair:6   | Found a viscous altar of Jiyva.
 28224 | Lair:6   | Reached XP level 16. HP: 150/150 MP: 18/18
 28563 | Lair:6   | Found a shimmering altar of Xom.
 28712 | Lair:6   | Received a gift from Okawaru
 29209 | D:11     | Found a shimmering altar of Xom.
 29283 | D:11     | Noticed Grum
 29293 | D:11     | Killed Grum
 29326 | D:11     | Noticed Snorg
 29343 | D:11     | Killed Snorg
 29425 | D:11     | Identified the +4 chain mail of Zokuo {Will+ Str+3 Stlth+}
                  | (Okawaru gifted it to you on level 11 of the Dungeon)
 29425 | D:11     | Received a gift from Okawaru
 30241 | D:12     | Noticed Maurice
 30253 | D:12     | Killed Maurice
 30268 | D:12     | Noticed Gastronok
 30297 | D:12     | Killed Gastronok
 30297 | D:12     | Noticed Rupert
 30320 | D:12     | Killed Rupert
 30326 | D:12     | Reached skill level 17 in Axes
 30820 | D:13     | Reached skill level 5 in Transmutations
 30940 | D:13     | Noticed Sonja
 30950 | D:13     | Killed Sonja
 31345 | D:13     | Found a gate to the Vaults.
 31385 | D:13     | Noticed Frances
 31401 | D:13     | Killed Frances
 32009 | D:14     | Received a gift from Okawaru
 32483 | D:14     | Reached XP level 17. HP: 159/159 MP: 18/20
 32725 | D:15     | Entered Level 15 of the Dungeon
 32750 | D:15     | Identified the +4 longbow of Suiruof {flame, rPois Int+4
                  | Dex+2} (Okawaru gifted it to you on level 15 of the
                  | Dungeon)
 32750 | D:15     | Received a gift from Okawaru
 33014 | D:15     | Found an ornate altar of the Wu Jian Council.
 33079 | D:15     | Reached XP level 18. HP: 94/169 MP: 21/21
 33373 | D:15     | Found a staircase to the Depths.
 34247 | Spider:1 | Entered Level 1 of the Spider Nest
 34745 | Spider:1 | Received a gift from Okawaru
 34849 | Spider:1 | HP: 3/166 [pharaoh ant (17)]
 34849 | Spider:1 | Slain by a pharaoh ant

Illustrated notes

Levels and vault maps discovered:
D:1:      onia_arrival_mini_spirals, layout_loops_ring, serial_shops,
          nicolae_shop_statue_plus
D:2:      layout_loops_corners, hellmonk_ecumenical_altar_dog_temple
D:3:      layout_loops_ring, minmay_misc_feat_square
D:4:      layout_loops_ring, mainiacjoe_overflow_six_doors_small,
          gammafunk_temple_overflow_pools, uniq_pikel, uniq_eustachio
D:5:      layout_basic, nicolae_concentric_dashed_squares_mild
D:6:      layout_gridville, minmay_temple_entry_nine_rooms, serial_glass,
          glass_columns_b, glass_columns_c, corexii_shack
D:7:      nicolae_cairo_tiling_very_big, layout_loops_ring,
          lemuel_zombie_altar_kikubaaqudgha,
          mainiacjoe_overflow_large_starburst, serial_rivers,
          chequers_serial_rivers_micro_c, chequers_serial_rivers_large_b,
          chequers_serial_rivers_micro_b, chequers_serial_rivers_small_a
D:8:      layout_layer_cave, slow_altar_2, serial_shops,
          nicolae_shop_bloodbath_and_beyond
D:9:      layout_basic, lair_entry_dummy, orc_0_dummy, enter_bailey_2,
          uniq_psyche, uniq_erolcha
D:10:     layout_irregular_city, hellmonk_ghost_happy_afterlife
D:11:     layout_long_grid, minmay_tree_intersection, tgw_xom, uniq_grum,
          uniq_snorg
D:12:     layout_rooms, uniq_rupert, uniq_gastronok, uniq_maurice
D:13:     layout_roguey, hangedman_vaults_entry_quadrant_bands, uniq_sonja,
          uniq_frances
D:14:     layout_grid_maze, chequers_serial_rivers_micro_e
D:15:     gammafunk_enter_depths_forms, layout_long_grid,
          nzn_wu_jian_council_hall
Temple:   eino_wide_crystal_templ
Lair:1:   layout_misc_corridors
Lair:2:   mu_elephants_graveyard, layout_regular_city, gauntlet_entry_generic,
          lemuel_fruit_fields
Lair:3:   layout_layer_cave, nicolae_spider_entry_orb_guardian,
          chequers_serial_rivers_small_b, beast_lair_carwin_4
Lair:4:   layout_roguey, minmay_shoals_entry_hut, beast_lair_carwin_1
Lair:5:   layout_cave_pods, minmay_holes
Lair:6:   hangedman_lair_tendril_chambers, layout_gridlike, slime_altar_1,
          basic_altar, disabler_island
Spider:1: layout_spider_delve, nicolae_spider_bug_shape
Orc:1:    layout_caves, serial_shops, shop, uniq_nergalle
Orc:2:    st_orc_ogre_mass, layout_caves, enter_volcano_2, guppyfry_library_mini

Skill      XL: |  1  2  3  4  5  6  7  8  9 10 11 12 13 14 15 16 17 18 |
---------------+-------------------------------------------------------+-----
Throwing       | 1 2 |  2.6
Shields        | 4 5 6 7 8 |  8.3
Axes           | 3 5 6 7 8 9 10 12 13 15 16 17 | 17.4
Slings         | 1 2 3 5 7 9 10 12 13 14 | 14.4
Armour         | 4 5 6 7 8 9 10 | 10.6
Fighting       | 4 5 6 7 9 10 11 12 | 12.5
Stealth        | 1 2 4 6 8 9 |  9.1
Short Blades   | 1 |  1.5
Long Blades    | 1 |  1.5
Maces & Flails | 1 2 |  2.4
Polearms       | 1 |  1.6
Staves         | 1 |  1.5
Bows           | 1 3 |  3.2
Crossbows      | 1 |  1.5
Unarmed Combat | 1 |  1.5
Spellcasting   | 1 2 |  2.2
Conjurations   | 1 |  1.5
Hexes          | 1 2 |  2.1
Summonings     | 1 |  1.6
Necromancy     | 1 |  1.6
Translocations | 1 |  1.5
Transmutations | 1 3 5 6 |  6.8
Fire Magic     | 1 |  1.5
Ice Magic      | 1 |  1.6
Air Magic      | 1 2 3 4 |  4.3
Earth Magic    | 1 2 |  2.1
Poison Magic   | 1 2 |  2.1
Invocations    | 1 2 |  2.0
Evocations     | 1 2 3 4 |  4.8

Action                   |  1- 3 |  4- 6 |  7- 9 | 10-12 | 13-15 | 16-18 || total
-------------------------+-------+-------+-------+-------+-------+-------++-------
Melee: War axe           |    59 |    86 |    97 |   418 |   161 |       ||   821
       Battleaxe         |    30 |    18 |    63 |       |   422 |   436 ||   969
       Whip              |       |       |     7 |       |       |       ||     7
       Dire flail        |       |       |       |    38 |       |       ||    38
       Dagger            |       |       |       |     1 |       |     8 ||     9
       Broad axe         |       |       |       |     9 |   319 |    41 ||   369
 Fire: Hunting sling     |     9 |    55 |   184 |   241 |   719 |   278 ||  1486
       Longbow           |       |       |       |       |       |    62 ||    62
Throw: Stone             |    11 |       |       |       |       |       ||    11
       Dart              |       |     3 |     3 |    17 |       |     7 ||    30
Invok: Heroism           |       |       |       |     3 |     5 |     4 ||    12
 Abil: Dig               |       |       |       |     1 |     3 |     2 ||     6
Evoke: Wand              |       |       |       |     5 |     1 |     3 ||     9
  Use: Scroll            |     3 |     6 |     6 |     5 |    11 |     1 ||    32
       Potion            |       |       |     2 |     4 |     3 |     4 ||    13
 Stab: Sleeping          |       |       |       |       |       |     4 ||     4
       Paralysed         |       |       |       |       |       |     1 ||     1
Armor: Scale mail        |    41 |    56 |    88 |   208 |   289 |    22 ||   704
       Chain mail        |       |       |       |       |       |   168 ||   168
Dodge: Dodged            |    39 |    47 |    83 |   223 |   232 |   131 ||   755
Block: Buckler           |    25 |    29 |    32 |    87 |   304 |    34 ||   511
       Kite shield       |       |       |       |       |       |   322 ||   322
       Reflection        |       |       |       |       |       |    25 ||    25
